 Dungeon Crawl Stone Soup version 0.17-a0-1882-g750edc8 (webtiles) character file.

7724 GrandHerb the Ducker (level 11, -3/64 HPs)
             Began as a Tengu Gladiator on Sept 22, 2015.
             Was a Follower of the Shining One.
             Slain by an orc warrior
             ... wielding a +0 flail
              (22 damage)
             ... on level 10 of the Dungeon.
             The game lasted 02:06:11 (13854 turns).

GrandHerb the Ducker (Tengu Gladiator)             Turns: 13854, Time: 02:06:11

Health: -3/64      AC:  6    Str: 16    XL:     11   Next: 19%
Magic:  25/25      EV: 17    Int:  9    God:    the Shining One [*.....]
Gold:   31         SH:  6    Dex: 17    Spells: 0 memorised, 10 levels left

rFire  . . .     SeeInvis .     a - +0 trident
rCold  . . .     Clarity  .     C - +0 troll leather armour
rNeg   . . .     SustAt   .     s - +0 buckler
rPois  +         Gourm    .     c - +0 hat
rElec  .         Spirit   .     p - +0 cloak
rCorr  .         Warding  .     (no gloves)
rMut   .         Stasis   .     (boots unavailable)
MR     +....                    x - amulet of rage
Stlth  +.........               i - ring "Gavun" {rPois MR+ MP+9}
                                f - +1 ring of slaying

@: glowing, somewhat resistant to hostile enchantments, very unstealthy
A: beak, talons 3, able to fly 1
a: Fly, Renounce Religion, Evoke Berserk Rage


You were on level 10 of the Dungeon.
You worshipped the Shining One.
The Shining One was aware of your devotion.
You were hungry.

You visited 2 branches of the dungeon, and saw 11 of its levels.

You collected 363 gold pieces.
You spent 332 gold pieces at shops.

Inventory:

Hand weapons
 a - a +0 trident (weapon)
Armour
 c - a +0 hat (worn)
 p - a +0 cloak (worn)
 q - a +0 scale mail
 s - a +0 buckler (worn)
 C - a +0 troll leather armour (worn)
Jewellery
 f - a +1 ring of slaying (left hand)
 i - the ring "Gavun" (right hand) {rPois MR+ MP+9}
   (You found it on level 8 of the Dungeon)

   [ring of magical power]

   It protects you from poison.
   It affects your resistance to hostile enchantments.
   It affects your magic capacity (+9).
 k - an uncursed ring of sustain attributes
 r - an uncursed amulet of faith
 x - an amulet of rage (around neck)
 B - an uncursed ring of wizardry
 E - an uncursed ring of positive energy
Magical devices
 j - a wand of confusion (7)
 L - a wand of slowing (8)
 P - a wand of slowing (36)
 R - a wand of fireball (7)
 Y - a wand of frost (32)
Scrolls
 g - 3 scrolls of teleportation
 l - 6 scrolls of remove curse
 n - a scroll of immolation {unknown}
 v - 2 scrolls of fear
 y - 2 scrolls of magic mapping
 D - a scroll of torment {unknown}
 G - a scroll of recharging {unknown}
 H - 3 scrolls of fog {unknown}
 J - a scroll of noise {unknown}
 M - a scroll of enchant weapon {unknown}
 V - 2 scrolls of blinking
 Z - a scroll of holy word
Potions
 m - 7 potions of curing
 o - 2 potions of might
 t - 2 potions of agility
 u - a potion of ambrosia {unknown}
 w - a potion of mutation {unknown}
 z - a potion of flight {unknown}
 A - a potion of brilliance {unknown}
 I - a potion of poison {unknown}
 S - 2 potions of heal wounds
 U - 2 potions of magic {unknown}
Books
 T - a book of Death

   Spells                             Type                      Level
   a - Corpse Rot                     Necromancy                   2
   b - Sublimation of Blood           Necromancy                   2
   c - Agony                          Necromancy                   5
   d - Dispel Undead                  Necromancy                   5
   e - Excruciating Wounds            Charms/Necromancy            5
   f - Bolt of Draining               Conjuration/Necromancy       5
   The Shining One disapproves of the use of such an item.
Comestibles
 b - 5 meat rations
 d - a royal jelly
 e - 7 bread rations
 h - 12 fruits
 F - 2 beef jerkies
 O - 5 slices of pizza


   Skills:
 + Level 6.2 Fighting
 + Level 7.4 Polearms
 - Level 7.0 Throwing
 + Level 7.0 Armour
 + Level 7.9 Dodging
 + Level 6.1 Shields
 + Level 3.5 Invocations
 - Level 6.0 Evocations


You had 10 spell levels left.
You didn't know any spells.

Dungeon Overview and Level Annotations

Branches:
Dungeon (10/15)            Temple (1/1) D:6            Lair (0/8) D:8
    Orc: D:9-12

Altars:
Ashenzari
Cheibriados
Dithmenos
Elyvilon
Fedhas
Gozag
Kikubaaqudgha
Makhleb
Nemelex Xobeh
Okawaru
Qazlal
Ru
Sif Muna
Trog
Vehumet
Xom
Yredelemnul
Zin
The Shining One

Shops:
D:5 =   D:7 :   D:9 *!=[?

Annotations:
D:3 Pikel


Innate Abilities, Weirdness & Mutations

You have a beak for a mouth.
You have claws for feet.
You can fly.


Message History

You claw the orc warrior. Your peck misses the orc warrior.
The orc warrior is heavily wounded.
The orc warrior hits you with a flail.
An orc wizard comes into view. It is wielding a dagger.
You hit the orc warrior but do no damage.
You claw the orc warrior, but do no damage.
The orc warrior is heavily wounded.
You hit the orc warrior.
The orc warrior is heavily wounded.
The orc warrior hits you with a flail.
* * * LOW HITPOINT WARNING * * *
You hit the orc warrior but do no damage.
You claw the orc warrior, but do no damage.
The orc warrior is heavily wounded.
The orc warrior closely misses you.
You hit the orc warrior.
You claw the orc warrior, but do no damage.
The orc warrior is severely wounded.
The orc warrior hits you with a flail!!
You die...

### .... ..... ##...
.).
##################o#
.....<..........@oo#
...>################
###.###
###(..########
..............
..........##
..........####
.............#
..........##..


You could see an orc warrior, an orc priest and an orc.

Vanquished Creatures
  A hydra (D:8)
  The ghost of kae the Archer, an experienced HEHu (D:5)
  Joseph (D:8)
  A komodo dragon (D:7)
  Grinder (D:3)
  A slime creature (D:7)
  A troll (D:9)
  A wyvern (D:8)
  2 yaks (D:8)
  A hippogriff (D:7)
  Grum (D:8)
  A water moccasin (D:6)
  Menkaure (D:5)
  Edmund (D:4)
  3 wolves (D:8)
  2 orc warriors (D:7)
  A phantom (D:9)
  4 slaves
  A sky beast (D:10)
  6 ogres
  2 centaurs (D:7)
  Blork the orc (D:4)
  4 big kobolds
  8 giant frogs
  3 scorpions
  6 killer bees
  4 crimson imps
  2 giant frog zombies
  7 orc wizards
  A centaur zombie (D:9)
  5 hounds
  An orc priest (D:4)
  8 jellies
  Crazy Yiuf (D:2)
  A giant frog skeleton (D:6)
  2 centaur skeletons
  3 iguanas
  A killer bee zombie (D:6)
  11 worker ants
  2 sheep (D:8)
  3 hound skeletons
  A worker ant zombie (D:7)
  A river rat (D:4)
  10 adders
  4 gnolls
  2 shadow imps
  17 oozes
  An adder zombie (D:5)
  3 worms
  An adder skeleton (D:5)
  27 orcs
  3 ball pythons
  9 giant cockroaches
  8 hobgoblins
  6 kobolds
  5 quokkas
  5 bats
  5 giant geckos
  7 giant newts
  6 goblins
  13 jackals
  8 rats
250 creatures vanquished.

Vanquished Creatures (others)
  4 fungi (D:7)
  2 plants (D:8)
6 creatures vanquished.

Grand Total: 256 creatures vanquished

Notes
Turn   | Place    | Note
--------------------------------------------------------------
     0 | D:1      | GrandHerb the Tengu Gladiator began the quest for the Orb.
     0 | D:1      | Reached XP level 1. HP: 12/12 MP: 2/2
   385 | D:1      | Reached XP level 2. HP: 17/17 MP: 3/3
   637 | D:1      | Reached skill level 1 in Armour
  1136 | D:1      | Reached skill level 4 in Dodging
  1192 | D:1      | Reached XP level 3. HP: 19/21 MP: 4/4
  1618 | D:2      | Found a bloodstained altar of Trog.
  1819 | D:2      | Noticed Crazy Yiuf
  1832 | D:2      | Killed Crazy Yiuf
  1832 | D:2      | Reached XP level 4. HP: 25/27 MP: 5/5
  2311 | D:3      | Gained mutation: You can fly. [Tengu growth]
  2311 | D:3      | Reached XP level 5. HP: 28/31 MP: 6/6
  2589 | D:3      | Noticed Grinder
  2599 | D:3      | Paralysed by Grinder for 7 turns
  2611 | D:3      | Paralysed by Grinder for 4 turns
  2618 | D:3      | Killed Grinder
  2618 | D:3      | Reached skill level 5 in Dodging
  2618 | D:3      | Reached skill level 1 in Shields
  2618 | D:3      | Reached skill level 1 in Evocations
  2618 | D:3      | Reached XP level 6. HP: 9/37 MP: 7/7
  2978 | D:4      | Noticed Edmund
  2979 | D:4      | Noticed Blork the orc
  3280 | D:4      | Reached XP level 7. HP: 19/41 MP: 6/9
  3647 | D:4      | Noticed Pikel
  3660 | D:4      | HP: 1/41 [Pikel/whip of electrocution (12)]
  4245 | D:4      | Found a sacrificial altar of Ru.
  4248 | D:4      | Found a basalt altar of Yredelemnul.
  4249 | D:4      | Found a stormy altar of Qazlal.
  4660 | D:4      | Found a sparkling altar of Nemelex Xobeh.
  4809 | D:4      | Killed Blork the orc
  5063 | D:5      | Entered Level 5 of the Dungeon
  5248 | D:5      | Found a glowing drain.
  5270 | D:5      | HP: 1/41 [river rat (5)]
  5635 | D:4      | Killed Edmund
  5635 | D:4      | Reached XP level 8. HP: 30/48 MP: 10/10
  5836 | D:5      | Noticed Menkaure
  6328 | D:5      | Reached skill level 5 in Polearms
  6340 | D:5      | Reached skill level 6 in Dodging
  6474 | D:5      | Killed Menkaure
  6487 | D:5      | Noticed kae's ghost (experienced HEHu)
  6516 | D:5      | Killed kae's ghost
  6516 | D:5      | Reached skill level 5 in Throwing
  6516 | D:5      | Reached XP level 9. HP: 52/52 MP: 9/12
  6660 | D:5      | Found Feisalep's Jewellery Emporium.
  7307 | D:6      | Reached skill level 5 in Armour
  7461 | D:6      | Found a staircase to the Ecumenical Temple.
  7467 | Temple   | Entered the Ecumenical Temple
  7583 | Temple   | Became a worshipper of the Shining One
  8001 | D:6      | Found a deep blue altar of Sif Muna.
  8169 | D:7      | Reached skill level 5 in Fighting
  8396 | D:7      | Found a burning altar of Makhleb.
  8631 | D:7      | Found a bloodstained altar of Trog.
  8757 | D:7      | Reached skill level 7 in Dodging
  8848 | D:7      | Found Tosaub's Book Boutique.
  8986 | D:7      | Reached skill level 1 in Invocations
  9245 | D:7      | Found Feabum's Food Boutique.
  9431 | D:7      | Reached XP level 10. HP: 41/59 MP: 14/14
  9858 | D:8      | Noticed Grum
  9884 | D:8      | Reached skill level 5 in Shields
  9901 | D:8      | Killed Grum
 10115 | D:8      | Got a brightly glowing steel ring
 10118 | D:8      | Identified the ring "Gavun" {rPois MR+ MP+9} (You found it on level 8 of the Dungeon)
 10196 | D:8      | Reached skill level 5 in Evocations
 10207 | D:8      | Found a staircase to the Lair.
 11292 | D:8      | Noticed a two-headed hydra
 11303 | D:8      | Killed a two-headed hydra
 11810 | D:8      | Found a glowing silver altar of Zin.
 11810 | D:8      | Found an opulent altar of Gozag.
 11908 | D:8      | Noticed Joseph
 11908 | D:8      | Acquired the Shining One's first power
 12121 | D:8      | Killed Joseph
 12121 | D:8      | Reached XP level 11. HP: 58/64 MP: 16/16
 12530 | D:9      | Found Etryiss's General Store.
 12533 | D:9      | Bought a scroll of blinking for 97 gold pieces
 12533 | D:9      | Bought a scroll of enchant armour for 97 gold pieces
 12736 | D:9      | Found Relu's Magic Scroll Shop.
 12742 | D:9      | Bought a scroll of identify for 24 gold pieces
 12742 | D:9      | Bought a scroll of identify for 24 gold pieces
 12742 | D:9      | Bought a scroll of holy word for 90 gold pieces
 12942 | D:9      | Found Jeskint's Antique Armour Boutique.
 13485 | D:9      | Found Hel Wa Jelli's Distillery.
 13490 | D:9      | Found Ytrut's Jewellery Shop.
 13658 | D:10     | Entered Level 10 of the Dungeon
 13854 | D:10     | Slain by an orc warrior

Vault maps used:
D:1:      saegor_arrival_simple_d, minmay_statues_item, st_stairs_11
D:2:      first_bread, kennysheep_cluttered_room, grunt_ministairs_2,
          trog_three_pillars_becter, uniq_crazy_yiuf_cottage
D:3:      uniq_grinder
D:4:      kennysheep_little_box, nicolae_overflow_hidden_temple,
          minmay_misc_feat_columns, minmay_unequal, uniq_edmund, uniq_pikel,
          uniq_blork_the_orc
D:5:      portal_sewer_entry_e, serial_shops, nicolae_shop_waterfront,
          uniq_menkaure
D:6:      lemuel_ice_spiral_2, lemuel_blue_sif_altar,
          minmay_temple_entry_enclosed_plants
D:7:      lemuel_slime, bloody_trog, lemuel_round_altar, serial_shops, shop,
          kennysheep_mini_moat
D:8:      grunt_temple_overflow_gold_and_silver, david_lair_shrubbed,
          hangedman_ranch, eino_tiny_chamber, uniq_grum, uniq_joseph
D:9:      serial_shops, shop, nicolae_shop_temple_entry_statues_fountains, shop,
          nicolae_shop_behind_doors, shop
D:10:     erik_orc_1
Temple:   roderic_octagonal_lattice_temple

Action                   |  1- 3 |  4- 6 |  7- 9 | 10-12 || total
-------------------------+-------+-------+-------+-------++-------
Melee: Trident           |    80 |   121 |   599 |   375 ||  1175
Throw: Throwing net      |     2 |     3 |     4 |       ||     9
 Abil: Fly               |       |     3 |    11 |     5 ||    19
       Evoke Berserk Rag |       |       |     4 |     6 ||    10
Evoke: Wand              |       |       |       |     5 ||     5
  Use: Scroll            |       |       |     2 |     8 ||    10
       Potion            |       |       |       |     2 ||     2
 Stab: Held in net/web   |     2 |     2 |     2 |       ||     6
  Eat: Chunk             |     3 |     5 |    22 |    17 ||    47
       Pizza             |       |       |     1 |     1 ||     2
       Fruit             |       |       |     1 |     1 ||     2
